cohdb
Replays
Latest Replays
All Replays
Popular Replays
Top Player Replays
Match Explorer
How It Works
Community
CoH3 Stats
Reddit
Sign in to upload your games and track your stats! →
Sign in with Steam
Match 42079850
Unlisted
Match 42079850
Overview
Messages
Build Orders
End
Pioneer Squad
Construct Infanterie Kompanie
MG 42 Machine Gun Team
Selects Terror Battlegroup
Selects Machine Gun Camouflage
Grenadier Squad
Grenadier Squad
Grenadier Squad
Infanterie Officer Quarters
GrW 34 Mortar Team
Construct Panzergrenadier Kompanie
Selects Contempt for the Weak
Pak 40 Anti-tank Gun Team
Support Elements
Panzergrenadier Squad
StuG III G Assault Gun
Grenadier Squad
Nebelwerfer 42 Rocket Launcher Team
MG 42 Bunker
Construct Panzer Kompanie
StuG III G Assault Gun
Stoßtruppen Squad
Selects Propaganda Leaflet Drop
Selects V1 Rocket Strike
V1 Rocket Strike
Selects No Quarter
Sturmpanzer IV Brummbär
Grand.G
Saddam
0
0
Comments
sign in to comment!
No comments posted yet!